 Dungeon Crawl Stone Soup version 0.29-a0-451-gfbfa42419e (webtiles) character file.

Game seed: 3059125789428435780

177 Bruhh the Chiller (level 5, -3/35 HPs)
             Began as a Barachi Ice Elementalist on May 19, 2022.
             Succumbed to a killer bee's poison
             ... on level 4 of the Dungeon.
             The game lasted 00:03:04 (3273 turns).

Bruhh the Chiller (Barachi Ice Elementalist)        Turns: 3273, Time: 00:03:05

Health: -3/35      AC:  2    Str:  8 (9)  XL:     5   Next: 57%
Magic:  9/12       EV: 12    Int: 15 (18) God:
Gold:   175        SH:  0    Dex: 10 (12) Spells: 6/13 levels left

rFire   . . .      SeeInvis .   e - +2 short sword (speed)
rCold   . . .      Faith    .   (no shield)
rNeg    . . .      Spirit   .   a - +0 robe
rPois   .          Reflect  .   (no helmet)
rElec   .          Harm     .   (no cloak)
rCorr   .          Rampage  .   (no gloves)
Will    .....                   (no boots)
Stlth   ++........              (no amulet)
HPRegen 0.11/turn               (no ring)
MPRegen 0.13/turn               (no ring)

@: lethally poisoned (-3 -> -28), flying, slow
A: amphibious, slowness 1, strong legs 1, +LOS
a: Hop


You were on level 4 of the Dungeon.
You visited 1 branch of the dungeon, and saw 4 of its levels.

You collected 175 gold pieces.

Inventory:

Hand Weapons
 c - a +2 dagger of pain
 e - a +2 short sword of speed (weapon)
Missiles
 k - a throwing net
Armour
 a - a +0 robe (worn)
Jewellery
 m - an amulet of the acrobat
Scrolls
 b - a scroll of fog {unknown}
 d - a scroll of poison {unknown}
 f - a scroll of enchant armour {unknown}
 g - a scroll of immolation {unknown}
 h - 3 scrolls of identify {unknown}
 o - a scroll of blinking {unknown}
Potions
 j - a potion of curing {unknown}
 l - 2 potions of flight
 n - a potion of attraction {unknown}


   Skills:
 - Level 2.1 Dodging
 - Level 1.7 Stealth
 + Level 4.9 Spellcasting
 - Level 6.0 Ice Magic


You had 6 spell levels left.
You knew the following spells:

 Your Spells              Type           Power      Damage    Failure   Level
a - Freeze                Ice            84%        1d10      1%          1
b - Frozen Ramparts       Ice            42%        1d6       4%          3
c - Ozocubu's Armour      Ice            21%        N/A       4%          3

Your spell library contained the following spells:

 Spells                   Type           Power      Damage    Failure   Level
 Beastly Appendage        Tmut           6%         N/A       17%         1
 Wereblood                Tmut           3%         N/A       26%         2
 Hailstorm                Conj/Ice       12%        3d5       43%         4
 Spider Form              Tmut/Pois      3%         N/A       45%         3


Dungeon Overview and Level Annotations

Branches:
Dungeon (4/15)             Temple (0/1) D:4

Altars:
Dithmenos


Innate Abilities, Weirdness & Mutations

You are amphibious.
You cover ground slowly.
You can hop short distances.
You have an extended range of vision and can be seen from far away.


Message History

A killer bee is nearby!
A killer bee is nearby!
A killer bee is nearby! 2 killer bees come into view.
Found a scroll labelled SAECOWNIBO.
The killer bee buzzes angrily. x3
The killer bee stings you. The killer bee stings you!
The killer bee barely misses you. The killer bee stings you.
You freeze the killer bee.
The killer bee is lightly wounded.
The killer bee closely misses you. x2
You completely miss the killer bee.
The killer bee is lightly wounded.
The killer bee stings you.
You freeze the killer bee.
The killer bee is moderately wounded.
The killer bee barely misses you. The killer bee closely misses you. x3
You freeze the killer bee!
The killer bee is severely wounded.
The killer bee stings you.
You are poisoned.
The killer bee poisons you! The killer bee barely misses you.
The killer bee stings you. The killer bee stings you!
* * * LOW HITPOINT WARNING * * *
You are more poisoned.
The killer bee poisons you!
It was a potion of flight.
You feel very buoyant.
You fly up into the air.
* * * LOW HITPOINT WARNING * * *
You feel very sick. The killer bee stings you.
* * * LOW HITPOINT WARNING * * *
You are more poisoned.
The killer bee poisons you! The killer bee misses you.
The killer bee barely misses you. The killer bee misses you.
It was a potion of degeneration.
There was something very wrong with that liquid.
You feel weakened.
You feel dopey.
You feel clumsy.
You die...

### ## ... #. #.. #.##
#.# #... #[.# #... #..
#..##.## #..#@y.# ###
##### #...#y## #.. ..
..# #...##y? #.# #.# #.#
#...#.#.# #.###.# #.#
#...#.#.#
#.....###.###.....# #
#.......#.##......##
#...###.#.##.........#
........................


You could see 3 killer bees.

Vanquished Creatures
  A phantom (D:4)
  2 adders
  A worm (D:2)
  2 dart slugs
  9 endoplasms
  5 goblins
  5 hobgoblins
  13 jackals
  11 kobolds
  2 quokkas
  4 ball pythons
  6 bats
  A frilled lizard (D:1)
  6 rats
68 creatures vanquished.

Notes
Turn   | Place    | Note
-------+----------+-------------------------------------------
     0 | D:1      | Bruhh the Barachi Ice Elementalist began the quest for the
                  | Orb.
     0 | D:1      | Reached XP level 1. HP: 13/13 MP: 3/3
    22 | D:1      | Reached skill level 5 in Ice Magic
   219 | D:1      | Reached XP level 2. HP: 19/19 MP: 3/5
   666 | D:1      | Found a faded altar of an unknown god.
   884 | D:1      | Reached XP level 3. HP: 21/24 MP: 5/7
   999 | D:1      | Learned a level 3 spell: Frozen Ramparts
  1003 | D:1      | Learned a level 3 spell: Ozocubu's Armour
  1691 | D:2      | Reached XP level 4. HP: 30/30 MP: 7/9
  2142 | D:3      | Reached skill level 6 in Ice Magic
  2972 | D:4      | Found a shadowy altar of Dithmenos.
  3078 | D:4      | Found a staircase to the Ecumenical Temple.
  3139 | D:4      | Noticed a phantom
  3161 | D:4      | Killed a phantom
  3162 | D:4      | Reached XP level 5. HP: 24/35 MP: 12/12
  3273 | D:4      | Succumbed to a killer bee's poison

Illustrated notes

Levels and vault maps discovered:
D:1:      psy_arrival_terrarium, layout_loops_cross,
          hellmonk_ecumenical_altar_prayer_group
D:2:      layout_basic
D:3:      layout_loops_ring
D:4:      layout_loops_corners, nicolae_dithmenos_shadow_blocks,
          minmay_temple_entry_fiery, serial_shops, nicolae_lakefront_shop,
          minmay_pentomino_pile

Skill      XL: |  1  2  3  4 |
---------------+-------------+-----
Ice Magic      | 5 6 |  6.0
Spellcasting   | 3 4 |  4.9
Dodging        | |  2.1
Stealth        | |  1.7

Action                   |  1- 3 |  4- 6 || total
-------------------------+-------+-------++-------
Melee: Unarmed           |     4 |       ||     4
       Dagger            |    32 |       ||    32
       Short sword       |    26 |    30 ||    56
       Punch             |     1 |     1 ||     2
 Cast: Freeze            |    36 |    33 ||    69
  Use: Potion            |     1 |     2 ||     3
 Stab: Sleeping          |     3 |       ||     3
Armor: Robe              |    15 |    10 ||    25
Dodge: Dodged            |    44 |    46 ||    90

Table legend: (Time is in decaauts)
 A = Elapsed time spent in this place.
 B = Non-inter-level travel time spent in this place.
 C = Inter-level travel time spent in this place.
 D = Time resting spent in this place.
 E = Time spent auto-exploring this place.
 F = Levels seen in this place.
 G = Mean time per level.
                   A        B        C        D        E       F      G
               +--------+--------+--------+--------+--------+-----+--------+
         Total |   3596 |   3557 |     39 |      0 |   3112 |   4 |  899.0 |
       Dungeon |   3596 |   3557 |     39 |      0 |   3112 |   4 |  899.0 |
               +--------+--------+--------+--------+--------+-----+--------+

Top non-repeatable levels by time:
     D:1: 1528 daAuts
     D:3: 930 daAuts
     D:2: 759 daAuts
     D:4: 377 daAuts
